 Dungeon Crawl Stone Soup version 0.20-a0-286-gae82e34 (webtiles) character file.

7485 Nvm9 the Protected (level 11, 0/87 HPs)
             Began as a Formicid Fighter on Dec 14, 2016.
             Was a Priest of Qazlal.
             Slain by a five-headed hydra (11 damage)
             ... on level 9 of the Dungeon.
             The game lasted 00:14:15 (7785 turns).

Nvm9 the Protected (Formicid Fighter)               Turns: 7785, Time: 00:14:16

Health: 0/87       AC: 22    Str: 22    XL:     11   Next: 38%
Magic:  8/11       EV:  8    Int:  5    God:    Qazlal [***...]
Gold:   473        SH: 20    Dex: 16    Spells: 10/10 levels left

rFire  + . .     SeeInvis +     C - +2 battleaxe
rCold  . . .     Gourm    .     m - +3 chain mail {MR+}
rNeg   . . .     Faith    .     c - +0 shield
rPois  .         Spirit   .     (helmet unavailable)
rElec  .         Reflect  .     (no cloak)
rCorr  .         Harm     .     b - +1 pair of gloves
MR     ++...                    v - +0 pair of boots
Stlth  ..........               (no amulet)
                                (no ring)
                                r - +3 ring of dexterity

@: no status effects
A: permanent stasis, dig shafts and tunnels, four strong arms, antennae 3,
talons 1, large bone plates 1, slimy green scales 1, dopey 1, fire resistance 1,
shaggy fur 1, wild magic 1, evolution 1
a: Dig, Shaft Self, Upheaval, Elemental Force, Renounce Religion


You were on level 9 of the Dungeon.
You worshipped Qazlal.
Qazlal was most pleased with you.
You were hungry.

You visited 2 branches of the dungeon, and saw 10 of its levels.
You also visited: Ossuary.

You collected 473 gold pieces.

Inventory:

Hand Weapons
 a - a +0 war axe
 i - a +0 halberd
 t - a +0 falchion of electrocution
 C - a +2 battleaxe (weapon)
Missiles
 K - 8 tomahawks (quivered)
Armour
 b - a +1 pair of gloves (worn)
 c - a +0 shield (worn)
 m - a +3 chain mail of magic resistance (worn)
 s - a +0 plate armour
 v - a +0 pair of boots (worn)
Jewellery
 r - a +3 ring of dexterity (left hand)
 z - an uncursed ring of fire
Wands
 p - a wand of random effects (8/48)
 y - a wand of digging (6/24)
 A - a wand of random effects (13/48)
 J - a wand of lightning (8/15)
Scrolls
 e - 10 scrolls of identify
 h - a scroll of enchant weapon {unknown}
 k - 3 scrolls of remove curse
 u - a scroll of amnesia
 w - 2 scrolls of recharging
 B - a scroll of fear {unknown}
 E - a scroll of enchant armour
Potions
 d - 5 potions of might
 g - 2 potions of brilliance
 j - 2 potions of berserk rage {unknown}
 l - 9 potions of curing
 n - 7 potions of agility
 q - a potion of ambrosia {unknown}
 D - a potion of heal wounds
 F - 2 potions of lignification {unknown}
 I - a potion of cure mutation {unknown}
Comestibles
 f - 4 bread rations
 o - 4 meat rations
 x - a beef jerky
 G - 7 fruits


   Skills:
 + Level 8.6 Fighting
 * Level 9.0 Axes
 * Level 11.4 Armour
 + Level 9.5 Shields


You had 10 spell levels left.
You didn't know any spells.

Dungeon Overview and Level Annotations

Branches:
Dungeon (9/15)             Temple (1/1) D:5
   Lair: D:8-11         Orc: D:9-12

Altars:
Ashenzari
Cheibriados
Dithmenos
Elyvilon
Fedhas
Gozag
Hepliaklqana
Kikubaaqudgha
Makhleb
Nemelex Xobeh
Okawaru
Qazlal
Ru
Sif Muna
Trog
Uskayaw
Vehumet
Xom
Yredelemnul
Zin
The Shining One

Shops:
D:5 %


Innate Abilities, Weirdness & Mutations

You cannot be hasted, slowed, berserked, paralysed or teleported.
You can dig through walls and to a lower floor.
Your four strong arms can wield two-handed weapons with a shield.
You have a pair of large antennae on your head. (SInv)
You have sharp toenails.
You are partially covered in large bone plates. (SH +4)
You are partially covered in slimy green scales. (AC +2)
You are dopey. (Int -2)
Your flesh is heat resistant. (rF+)
You are covered in fur. (AC +1)
Your spells are a little harder to cast, but a little more powerful.
You evolve.


Message History

You block the orc warrior's attack. The five-headed hydra bites you.
The five-headed hydra bites you but does no damage. x2
The five-headed hydra bites you.
You block the five-headed hydra's attack.
Unknown command.
The orc warrior hits you but does no damage.
You block the five-headed hydra's attack. x3
The five-headed hydra bites you!
* * * LOW HITPOINT WARNING * * *
The five-headed hydra bites you!
* * * LOW HITPOINT WARNING * * *
Unknown command.
You block the orc warrior's attack. The five-headed hydra bites you.
* * * LOW HITPOINT WARNING * * *
You block the five-headed hydra's attack.
The five-headed hydra bites you but does no damage.
The five-headed hydra bites you.
* * * LOW HITPOINT WARNING * * *
The five-headed hydra bites you!
You die...

#....# #....# #### #....#
########... #######....#
#.......... #..........#
#..........
#..........##########..........
#.......)..{...........[.......
#......>...##########..........
###....oooo@DYKY....)...†...
#.....############.#######
#)##.....# ...# #.##.....#
.....# #.##.....# .......#
#.##.....# ######.#
#<##.#..####### #.#
#.##.......#.. ...
####.##..#.#.#


You could see a five-headed hydra, a yak, an orc warrior, a big kobold, a dream
sheep, an orc priest and 2 orcs.

Vanquished Creatures
  3 two-headed ogres
  2 trolls
  A dream sheep (D:9)
  A hippogriff (D:7)
  Sigmund (D:2)
  6 yaks (D:9)
  3 water moccasins
  2 orc warriors (D:9)
  An ice beast (D:7)
  3 sky beasts
  3 ogres
  3 phantoms
  A necrophage (D:5)
  A centaur (D:7)
  2 big kobolds (D:9)
  4 bullfrogs
  2 scorpions
  5 killer bees (D:7)
  4 wights (D:6)
  4 crimson imps
  4 hounds
  A centaur zombie (D:6)
  2 human zombies (Ossuary)
  3 jellies
  3 orc priests
  A centaur skeleton (D:5)
  5 orc wizards
  A bullfrog skeleton (D:5)
  3 iguanas
  Ijyb (D:3)
  Terence (D:3)
  7 worker ants
  A big kobold zombie (Ossuary)
  A hound skeleton (D:6)
  2 mummies (Ossuary)
  8 gnolls
  3 adders
  A shadow imp (D:5)
  3 adder zombies (Ossuary)
  A worm zombie (D:5)
  An adder skeleton (D:6)
  4 worms
  4 dart slugs
  4 leopard geckos
  40 orcs
  7 giant cockroaches
  8 goblins
  6 hobgoblins
  14 jackals
  5 kobolds
  6 quokkas
  3 ball pythons
  8 bats
  5 frilled lizards
  4 hobgoblin zombies (Ossuary)
  15 kobold zombies (Ossuary)
  8 orc zombies (Ossuary)
  2 quokka skeletons
  16 rats
  3 rat zombies (Ossuary)
267 creatures vanquished.

Vanquished Creatures (others)
  An orc wizard (D:7)
1 creature vanquished.

Grand Total: 268 creatures vanquished

Notes
Turn   | Place    | Note
-------+----------+-------------------------------------------
     0 | D:1      | Nvm9 the Formicid Fighter began the quest for the Orb.
     0 | D:1      | Reached XP level 1. HP: 18/18 MP: 1/1
   102 | D:1      | Reached XP level 2. HP: 23/24 MP: 2/2
   238 | D:1      | Reached XP level 3. HP: 28/29 MP: 3/3
   897 | D:2      | Reached skill level 4 in Armour
   960 | D:2      | Reached XP level 4. HP: 35/37 MP: 4/4
   964 | D:2      | Found a faded altar of an unknown god.
  1375 | D:2      | Noticed Sigmund
  1387 | D:2      | Killed Sigmund
  1387 | D:2      | Reached skill level 5 in Armour
  1387 | D:2      | Reached XP level 5. HP: 18/42 MP: 5/5
  1387 | D:2      | Reached XP level 6. HP: 21/48 MP: 6/6
  1587 | D:2      | Gained mutation: You are partially covered in slimy green scales. (AC +2) [potion of mutation]
  1587 | D:2      | Gained mutation: You are covered in fur. (AC +1) [potion of mutation]
  1587 | D:2      | Gained mutation: You are dopey. (Int -2) [potion of mutation]
  2077 | D:3      | Noticed Ijyb
  2086 | D:3      | Killed Ijyb
  2086 | D:3      | Reached skill level 5 in Shields
  2494 | D:3      | Reached XP level 7. HP: 54/55 MP: 7/7
  2601 | D:3      | Noticed Terence
  2612 | D:3      | Killed Terence
  2705 | D:4      | Reached skill level 6 in Armour
  2720 | D:4      | Gained mutation: You have sharp toenails. [mutagenic meat]
  2721 | D:4      | Gained mutation: Your flesh is heat resistant. (rF+) [mutagenic meat]
  2722 | D:4      | Gained mutation: You evolve. [mutagenic meat]
  3195 | D:4      | Gained mutation: You are partially covered in large bone plates. (SH +4) [evolution]
  3288 | D:5      | Entered Level 5 of the Dungeon
  3324 | D:5      | Reached skill level 5 in Fighting
  3336 | D:5      | Reached XP level 8. HP: 58/62 MP: 8/8
  3345 | D:5      | Found a sand-covered staircase.
  3361 | Ossuary  | Entered an ossuary
  3515 | Ossuary  | Reached skill level 7 in Armour
  3709 | D:5      | Found Heixt's Food Emporium.
  3910 | D:5      | Found a staircase to the Ecumenical Temple.
  4039 | Temple   | Entered the Ecumenical Temple
  4156 | Temple   | Became a worshipper of Qazlal Stormbringer
  5087 | D:6      | Reached XP level 9. HP: 57/69 MP: 9/9
  5091 | D:6      | Reached skill level 8 in Armour
  5213 | D:6      | Reached skill level 5 in Axes
  5383 | D:7      | Reached * piety under Qazlal
  5436 | D:7      | Gained mutation: Your spells are a little harder to cast, but a little more powerful. [evolution]
  6006 | D:7      | Reached skill level 9 in Armour
  6132 | D:7      | Noticed a hippogriff
  6139 | D:7      | Killed a hippogriff
  6196 | D:7      | Noticed a two-headed ogre
  6207 | D:7      | Killed a two-headed ogre
  6207 | D:7      | Reached XP level 10. HP: 75/79 MP: 10/10
  6211 | D:7      | Reached ** piety under Qazlal
  6399 | D:8      | Reached skill level 10 in Armour
  6709 | D:8      | Noticed a two-headed ogre
  6715 | D:8      | Noticed a two-headed ogre
  6718 | D:8      | Killed a two-headed ogre
  6723 | D:8      | Killed a two-headed ogre
  7326 | D:9      | Reached XP level 11. HP: 86/86 MP: 11/11
  7341 | D:9      | Reached skill level 11 in Armour
  7400 | D:9      | Reached *** piety under Qazlal
  7733 | D:9      | Noticed a three-headed hydra
  7785 | D:9      | Slain by a five-headed hydra

Vault maps used:
D:1:      mrwooster_arrival_statue_3
D:2:      minmay_diamond_boxcup, chequers_ecumenical_altar_simple_redux,
          minmay_misc_feat_hallway, uniq_sigmund
D:3:      uniq_iyjb, uniq_terence
D:4:      first_bread, hangedman_abyss_or_decor_stagger
D:5:      enter_ossuary_3, serial_shops, shop_fountains
D:6:      kennysheep_generic_room_16
D:9:      hiddenorc1_lemuel, hangedman_ranch
Temple:   regret_index_temple_sigil_plot
Ossuary:  ossuary_tomb_1

Skill      XL: |  1  2  3  4  5  6  7  8  9 10 11 |
---------------+----------------------------------+-----
Shields        | 4 5 6 8 9 |  9.5
Armour         | 4 5 6 7 9 10 11 | 11.4
Fighting       | 4 5 6 7 8 |  8.6
Axes           | 3 4 6 8 9 |  9.0

Action                   |  1- 3 |  4- 6 |  7- 9 | 10-12 || total
-------------------------+-------+-------+-------+-------++-------
Melee: War axe           |   102 |   157 |   349 |       ||   608
       Kick              |       |       |    99 |       ||    99
       Battleaxe         |       |       |   135 |   174 ||   309
Invok: Upheaval          |       |       |       |     1 ||     1
 Abil: Dig               |       |       |       |     1 ||     1
  Use: Scroll            |       |     5 |     7 |       ||    12
       Potion            |       |     5 |     3 |       ||     8
  Eat: Chunk             |       |     1 |    12 |     5 ||    18
       Bread ration      |       |     1 |       |       ||     1
       Meat ration       |       |       |     1 |       ||     1
Armor: Scale mail        |    44 |    74 |     5 |       ||   123
       Chain mail        |       |       |   214 |    64 ||   278
Dodge: Dodged            |    26 |    55 |   111 |    54 ||   246
Block: Shield            |    56 |   101 |   411 |   167 ||   735
